 Dungeon Crawl Stone Soup version 0.18.1-48-g4cf74bf (webtiles) character file.

99 Rovanon the Skirmisher (level 4, 0/38 HPs)
             Began as a Hill Orc Skald on Aug 23, 2016.
             Slain by Natasha (3 damage)
             ... on level 2 of the Dungeon.
             The game lasted 00:19:35 (3147 turns).

Rovanon the Skirmisher (Hill Orc Skald)             Turns: 3147, Time: 00:19:35

Health: 0/38       AC:  8    Str: 15      XL:     4   Next: 72%
Magic:  5/6        EV:  6    Int: 11 (12) God:
Gold:   82         SH:  0    Dex:  7 (10) Spells: 1 memorised, 5 levels left

rFire  . . .     SeeInvis .     a - +0 spear
rCold  . . .     Gourm    .     u - +0 chain mail
rNeg   . . .     Faith    .     (no shield)
rPois  .         Spirit   .     (no helmet)
rElec  .         Dismiss  .     (no cloak)
rCorr  .         Reflect  .     (no gloves)
SustAt .         Harm     .     (no boots)
MR     .....                    (no amulet)
Stlth  ..........               (no ring)
                                (no ring)

@: very slightly contaminated, not resistant to hostile enchantments, extremely
unstealthy
A: no striking features
a: no special abilities


You were on level 2 of the Dungeon.
You were not hungry.

You visited 1 branch of the dungeon, and saw 2 of its levels.

You collected 82 gold pieces.

Inventory:

Hand Weapons
 a - a +0 spear (weapon)
 h - a +0 hand axe
 o - a +0 short sword
 t - a +0 spear
Missiles
 e - a stone (quivered)
Armour
 b - a +0 leather armour
 r - a +0 robe
 u - a +0 chain mail (worn)
Scrolls
 m - 2 scrolls of recharging
Potions
 i - a potion of curing
Books
 c - a book of Battle

   Spells                             Type                      Level
   a - Infusion                       Charms                       1
   b - Shroud of Golubria             Charms/Translocation         2
   c - Song of Slaying                Charms                       2
   d - Spectral Weapon                Hexes/Charms                 3
   e - Regeneration                   Charms/Necromancy            3
Comestibles
 d - a bread ration


   Skills:
 + Level 3.2 Fighting
 + Level 2.6 Polearms
 + Level 2.3 Armour
 + Level 2.1 Dodging
 + Level 1.6 Spellcasting
 + Level 2.9 Charms


You had 5 spell levels left.
You knew the following spells:

 Your Spells              Type           Power        Failure   Level  Hunger
a - Infusion              Chrm           #...         99%         1    ##.....


Dungeon Overview and Level Annotations

Branches:
Dungeon (2/15)

Altars:

Annotations:
D:2 Natasha


Message History

You must enter the number of times for the command to repeat.
Casting: Infusion
Confirm with . or Enter, or press ? or * to list all spells.
Okay, then.
Casting: Infusion
Confirm with . or Enter, or press ? or * to list all spells.
You miscast Infusion.
You are very lightly contaminated with residual magic.
Nothing appears to happen.
e - a stone Natasha casts a spell at you.
The magic dart hits you!
You closely miss Natasha. Natasha claws you.
* * * LOW HITPOINT WARNING * * *
You closely miss Natasha. Natasha barely misses you.
You hit Natasha.
Natasha is lightly wounded.
Natasha claws you but does no damage.
You hit Natasha but do no damage. Natasha claws you.
You die...

....# #.)......#,*,*****,*#.#
....# #........#,*,* *,*#.#
##.####........#,*,* *,*#.#
#..........#.....,,* *,*#.#
#..######....###.#******,*#.#
#..######......#..,,,,,*,*#.#
.............#..,,,,,*,*,*#.#
########.....#######.#,*,*#.#
...............h@†...#,*,*#.#
#######.##.########..#,*,*#(#
)....#.....# *,.#,*,,..#
#.......#### *,,..******
#....>### **,*## #.....# *,*
#.....# *,* #.....# *<*
#.....# ***


You could see Natasha.

Vanquished Creatures
  Natasha (D:2)
  An adder (D:2)
  A dart slug (D:1)
  3 giant geckos (D:1)
  7 bats
  2 giant cockroaches
  2 goblins (D:1)
  9 hobgoblins
  10 jackals
  7 kobolds
  A ball python (D:1)
  2 giant newts (D:2)
  8 rats
54 creatures vanquished.

Notes
Turn   | Place    | Note
--------------------------------------------------------------
     0 | D:1      | Rovanon the Hill Orc Skald began the quest for the Orb.
     0 | D:1      | Reached XP level 1. HP: 18/18 MP: 3/3
   391 | D:1      | Reached XP level 2. HP: 22/25 MP: 4/4
   412 | D:1      | Reached skill level 1 in Dodging
   927 | D:1      | Reached XP level 3. HP: 15/30 MP: 5/5
  1150 | D:1      | Reached skill level 3 in Fighting
  2691 | D:2      | HP: 1/31 [adder (4)]
  2699 | D:2      | Reached XP level 4. HP: 31/38 MP: 6/6
  3051 | D:2      | Noticed Natasha
  3117 | D:2      | Killed Natasha
  3140 | D:2      | Noticed Natasha
  3147 | D:2      | Slain by Natasha

Skill      XL: |  1  2  3  4 |
---------------+-------------+-----
Dodging        | 1 2 |  2.1
Fighting       | 3 |  3.2
Armour         | 2 |  2.3
Polearms       | |  2.6
Spellcasting   | |  1.6
Charms         | |  2.9

Action                   |  1- 3 |  4- 6 || total
-------------------------+-------+-------++-------
Melee: Spear             |   222 |    89 ||   311
  Use: Scroll            |     5 |     2 ||     7
       Potion            |     5 |     1 ||     6
  Eat: Chunk             |     4 |       ||     4
       Beef jerky        |     1 |       ||     1
       Fruit             |       |     5 ||     5
Armor: Leather armour    |    52 |       ||    52
       Ring mail         |    36 |     3 ||    39
       Skin              |       |    42 ||    42
       Chain mail        |       |    27 ||    27
Dodge: Dodged            |   150 |    19 ||   169
